[Event "Live Chess"]
[Site "Chess.com"]
[Date "2024.06.01"]
[Round "-"]
[White "JohanKjeldahl"]
[Black "Eva3337"]
[Result "1-0"]
[WhiteElo "1872"]
[BlackElo "1169"]
[TimeControl "300"]
[EndTime "13:44:26 PDT"]
[Termination "JohanKjeldahl won by resignation"]

1. e4 Nc6 2. d4 d6 3. Nc3 e6 4.
Nf3 g6 5. Be3 Bg7 6. a3 Nf6 7.
Qd2 Ng4 8. Bg5 f6 9. Bh4 g5 10. Bg3 e5 11. d5 Ne7 12. h3 Nh6 13. Bb5+ c6 14. dxc6 bxc6 15. Bc4 Rb8 16. b4 Ng6 17.
Rd1 Bf8 18. h4 g4 19. Nh2 Nf7 20. h5 Nf4 21. Bxf4 exf4 22. Qxf4 Ng5 23. Nxg4 Bxg4 24.
Qxg4 Rg8 25. Bxg8 1-0

[Event "Live Chess"]
[Site "Chess.com"]
[Date "2024.06.01"]
[Round "-"]
[White "DoctorMantisTobogganMD"]
[Black "NottheBishopSacrifice"]
[Result "1/2-1/2"]
[WhiteElo "2177"]
[BlackElo "2257"]
[TimeControl "300"]
[EndTime "13:44:30 PDT"]
[Termination "Game drawn by repetition"]

1. e4 c6 2. Nc3 d5 3. Nf3 dxe4 4. Nxe4 Nf6 5. Qe2 Nxe4 6. Qxe4 Nd7 7. Bc4 Nf6 8. Ne5 e6 9. Qe2 b5 10. Bb3 Qc7 11.
O-O Bd6 12. Re1 O-O 13. d4 a5 14.
c3 c5 15. dxc5 Qxc5 16. Bg5 Bxe5 17. Qxe5 Qxe5 18. Rxe5 Nd7 19. Rxb5 a4 20. Bd1 Ba6 21. Rb4 a3 22. bxa3 Rfc8 23. Be3 Rxc3 24. Ba4 Nc5 25. Bc6 Rc8 26. Bf3 Nd3 27. Rb6 Bc4 28. a4 h6 29.
h3 Ne5 30. Be4 Bd3 31. Bxd3 Nxd3 32. Rb3 Ne5 33. Rxc3 Rxc3 34. a5 Ra3 35. Bb6 Nc4 36. Rc1 Nxa5 37. Bxa5 Rxa5 38. Ra1 Ra3 39. Kf1 g5 40. Ke2 Kg7 41. Kd2 Kg6 42. Kc2 Kf5 43. Kb2 Ra8 44. a4 Ke4 45. a5 Kd3 46. a6 Ke2 47. Kb3 Kxf2 48. Ra2+ Kg3 49. Kc4 f5 50. a7 e5 51. Kd5 e4 52. Kd4 h5 53. Ke3 g4 54.
hxg4 hxg4 55. Kd4 Rd8+ 56. Ke3 Ra8 57. Kd4 Kf4 58. Rf2+ Kg5 59. Ra2 g3 60. Ke3 Kg4 61. Ra4 Kg5 62. Ra5 Kf6 63. Ra6+ Ke5 64. Ra5+ Ke6 65.
Kf4 Kd6 66. Kxg3 Ke6 67. Kf4 Kd6 68. Ra3 Ke6 69. g3 Kf6 70. Ra6+ Kg7 71. Kxf5 e3 72. Re6 Rxa7 73. Rxe3 Ra5+ 74. Kf4 Ra4+ 75. Kf3 Kg6 76. g4 Kg5 77. Re5+ Kf6 78. Re4 Ra1 79. Kg3 Kg5 80. Re5+ Kg6 81. Rf5 Ra3+ 82. Kf4 Ra4+ 83. Kg3 Ra3+ 84.
Kf4 Ra1 85. Kg3 Rg1+ 86. Kf4 Rf1+ 87. Kg3 Rh1 88. Kf4 Rh3 89. Rb5 Rh1 90. Rb6+ Kg7 91.
Kg5 Rc1 92. Rb7+ Kg8 93. Kh6 Rc6+ 94. Kh5 Rd6 95. g5 Rc6 96. g6 Rc1 97. Kh6 Rh1+ 98. Kg5 Rh2 99. Kf6 Rf2+ 100. Kg5 Rf1 101. Kh6 Rh1+ 102. Kg5 Rh3 103. Kf6 Rf3+ 104. Kg5 Rf2 105. Kh6 Rh2+ 106. Kg5 Rh1 107. Kf6 Rf1+ 108. Kg5 Rf3 109. Kh6 Rh3+ 110. Kg5 Rh1 111. Kf6 Rf1+ 112. Kg5 Rf2 113. Kh6 Rh2+ 114. Kg5 Rh3 115. Kf6 Rf3+ 116. Kg5 Rf2 1/2-1/2

[Event "Live Chess"]
[Site "Chess.com"]
[Date "2024.06.01"]
[Round "-"]
[White "ProfPoisson"]
[Black "WelshTiger"]
[Result "0-1"]
[WhiteElo "1292"]
[BlackElo "2531"]
[TimeControl "300"]
[EndTime "13:44:30 PDT"]
[Termination "WelshTiger won by checkmate"]

1. e4 c5 2. Nc3 e6 3. f4 Nc6 4.
Bb5 Nd4 5. Nf3 Nxb5 6. Nxb5 d6 7. d4 a6 8. Nc3 cxd4 9. Qxd4 Qc7 10. O-O Nf6 11. e5 dxe5 12. fxe5 Bc5 13. exf6 gxf6 14. Qxc5 Qxc5+ 15. Kh1 b5 16. Ne4 Qe7 17. Nd4 f5 18.
Bg5 fxe4 19. Bxe7 Kxe7 20. Rad1 Bb7 21. Nb3 Rac8 22. Na5 Bd5 23. b3 Rxc2 24. Rc1 Rhc8 25. Rcd1 e3 26. Rfe1 Bxg2+ 27. Kg1 Bf3 28. Rd3 Rg8+ 29.
Kf1 Rf2# 0-1

[Event "Live Chess"]
[Site "Chess.com"]
[Date "2024.06.01"]
[Round "-"]
[White "agamilewska"]
[Black "Sweet-O"]
[Result "1/2-1/2"]
[WhiteElo "1762"]
[BlackElo "1549"]
[TimeControl "300"]
[EndTime "13:44:46 PDT"]
[Termination "Game drawn - insufficient material"]

1. d4 c5 2. dxc5 e6 3. e4 Bxc5 4. Nf3 Qb6 5. Qd2 a5 6. Bd3 Nc6 7. O-O h5 8. Nc3 Bb4 9. a3 Bd6 10.
Qg5 g6 11. e5 Be7 12. Qe3 Qd8 13. Ne4 h4 14. h3 b6 15. Nd6+ Bxd6 16. exd6 Nf6 17.
Bb5 Ba6 18. Bxc6 dxc6 19. Rd1 Nd5 20. Qe5 Qf6 21. d7+ Ke7 22. Qxf6+ Nxf6 23. Ne5 Bb7 24. Bg5 Rad8 25. Bxf6+ Kxf6 26. f4 g5 27. Ng4+ Ke7 28.
fxg5 Rxd7 29. Rxd7+ Kxd7 30. Rd1+ Ke7 31. b4 axb4 32. axb4 Rd8 33. Rxd8 Kxd8 34. Ne5 Ke7 35. Kf2 f6 36. Ng6+ Kf7 37. Nxh4 fxg5 38. Nf3 Kf6 39. Ke3 c5 40. bxc5 bxc5 41. g3 Kf5 42. Nd2 g4 43. h4 e5 44. Nc4 Bd5 45. Nd6+ Ke6 46. Nb5 Ba2 47. Ke4 Bb1 48. Nc7+ Kf6 49. Nd5+ Ke6 50.
Ne3 c4 51. Nxc4 Bxc2+ 52. Ke3 Bf5 53. Nb6 Kf6 54. Nc4 Ke6 55. h5 Kd5 56. Nd2 Ke6 57. Ne4 Bxe4 58. Kxe4 Kf6 59. h6 Kg6 60. h7 Kxh7 61. Kf5 Kh6 62. Kxg4 Kg6 63. Kf3 Kf6 64. Ke4 Ke6 65. g4 Kf6 66. Ke3 Kg5 67. Ke4 Kxg4 68.
Kxe5 1/2-1/2

[Event "Live Chess"]
[Site "Chess.com"]
[Date "2024.06.01"]
[Round "-"]
[White "Silverback7829"]
[Black "Frankie_Badacsonyi"]
[Result "0-1"]
[WhiteElo "971"]
[BlackElo "2440"]
[TimeControl "300"]
[EndTime "13:44:47 PDT"]
[Termination "Frankie_Badacsonyi won by checkmate"]

1. d4 e6 2. Nf3 d5 3. Nc3 Nf6 4. Be3 Be7 5. Bg5 O-O 6. Ne5 Nbd7 7. Nxd7 Bxd7 8. e3 c5 9. dxc5 Bxc5 10. Bd3 h6 11.
Bxf6 Qxf6 12. O-O Rac8 13. Qe2 Bb4 14. Nd1 Qe5 15. c3 Bd6 16. a3 Qxh2# 0-1

[Event "Live Chess"]
[Site "Chess.com"]
[Date "2024.06.01"]
[Round "-"]
[White "Dhaydon19"]
[Black "LL220284LL"]
[Result "1-0"]
[WhiteElo "2679"]
[BlackElo "2555"]
[TimeControl "300"]
[EndTime "13:44:56 PDT"]
[Termination "Dhaydon19 won by resignation"]

1. Nf3 d6 2. d4 g6 3. g3 Bg7 4. Bg2 Nd7 5. O-O Ngf6 6. c4 O-O 7. Nc3 Rb8 8. d5 e6 9. dxe6 fxe6 10. Nd4 Qe8 11. Ncb5 Nc5 12. Nxc7 Qd7 13. Ncxe6 Nxe6 14. Bh3 Qe7 15. Nb5 Rd8 16. Nxa7 Bd7 17. Nb5 Bc6 18. Nc3 Ng5 19. Bxg5 Qe5 20. Bf4 Qh5 21. Bg2 Ng4 22. h3 Bxg2 23. Kxg2 Ne5 24. Qd5+ Kh8 25. g4 Qh4 26. Bg3 Qe7 27. Rad1 Rbc8 28. Bxe5 Bxe5 29.
Ne4 Rc6 30. c5 Bxb2 31. cxd6 Qf8 32. Rb1 Qg7 33. Ng5 Rd7 34. Rfd1 h6 35. Ne4 Bf6 36. Rxb7 Rxb7 37. Qxc6 Rb8 38. Qc7 Rd8 39. d7 Qg8 1-0

[Event "Live Chess"]
[Site "Chess.com"]
[Date "2024.06.01"]
[Round "-"]
[White "CCGoodKnightRookie"]
[Black "KeithArkell"]
[Result "0-1"]
[WhiteElo "2235"]
[BlackElo "2458"]
[TimeControl "300"]
[EndTime "13:45:04 PDT"]
[Termination "KeithArkell won by resignation"]

1. d4 e6 2. Nc3 d5 3. Bf4 Bd6 4.
e3 Nf6 5. Bd3 a6 6. Nf3 c5 7.
dxc5 Bxf4 8. exf4 Qc7 9. Ne5 Qxc5 10. Qf3 Nbd7 11. O-O-O Nxe5 12. fxe5 Nd7 13. Qg3 g6 14. f4 b5 15. h4 Bb7 16. h5 O-O-O 17. hxg6 hxg6 18. Nb1 Nb6 19. Nd2 Nc4 20. Nb3 Qe3+ 21. Qxe3 Nxe3 22. Rdg1 Rxh1 23. Rxh1 Nxg2 24.
Rh7 Rf8 25. f5 gxf5 26. Nc5 Nf4 27. Bf1 Ng6 28. a4 bxa4 29. Nxa6 Nxe5 30. Nc5 Bc6 31.
Ba6+ Kd8 32. b4 Ke7 33. b5 Be8 34. b6 Bc6 0-1

[Event "Live Chess"]
[Site "Chess.com"]
[Date "2024.06.01"]
[Round "-"]
[White "chessfiction"]
[Black "Ferrarifan27"]
[Result "1-0"]
[WhiteElo "2374"]
[BlackElo "2058"]
[TimeControl "300"]
[EndTime "13:45:33 PDT"]
[Termination "chessfiction won by resignation"]

1. e4 e5 2. Nf3 Nc6 3. Bb5 a6 4. Ba4 Nf6 5. Bb3 Bc5 6. d3 O-O 7. c3 d6 8. h3 Bb6 9. Nbd2 Qe7 10. Nf1 Be6 11. Ng3 Bxb3 12. axb3 Qe6 13. Nf5 Ne7 14. g4 Nxf5 15. gxf5 Qd7 16. Rg1 Kh8 17. Qd2 h6 18. Rxg7 Kxg7 19. Qxh6+ Kg8 20. Qg5+ Kh7 21. Qxf6 Qd8 22.
Qh6+ Kg8 23. f6 Qxf6 24. Qxf6 1-0

[Event "Live Chess"]
[Site "Chess.com"]
[Date "2024.06.01"]
[Round "-"]
[White "Kyrylo7770"]
[Black "imchessive"]
[Result "0-1"]
[WhiteElo "1632"]
[BlackElo "1602"]
[TimeControl "300"]
[EndTime "13:45:48 PDT"]
[Termination "imchessive won by checkmate"]

1. d4 f5 2. Nf3 Nf6 3. Bg5 d6 4. h4 Nbd7 5. e3 g6 6. c3 Ne4 7. Qb3 Nxg5 8. Nxg5 e6 9. Nxe6 Qe7 10. Ng5 Nf6 11. Bc4 c6 12. Bf7+ Kd8 13. Bc4 d5 14. Bd3 Ne4 15. Bxe4 fxe4 16. Nd2 Bh6 17. O-O-O Bxg5 18. hxg5 Qxg5 19. g3 Bg4 20. Rde1 Kc7 21.
Rh4 Raf8 22. Qa3 Ra8 23. Nb3 b6 24. Reh1 h5 25. Qb4 Rhf8 26. Rf1 Be2 27. Re1 Rxf2 28. Rf4 Rf8 29. Qxf8 Rxf4 30. gxf4 Qg2 31. Qe7+ Kb8 32.
Qd8+ Kb7 33. Qd7+ Kb8 34. Qxc6 Bd3 35. Qd6+ Kc8 36. Nd2 Qf2 37. Rd1 Qxe3 38. Qxd5 h4 39. Qg8+ Kb7 40. Qf7+ Ka6 41. Qxg6 h3 42. a4 Qe2 43.
Qf5 h2 44. Qc8+ Ka5 45. b4+ Kxa4 46. Qd7+ Bb5 47. Qxa7+ Ba6 48. Qd7+ Bb5 49. Qh3 Bd3 50. Rh1 e3 51. Rxh2 Qe1+ 52. Kb2 exd2 53. Qxd3 Qc1+ 54. Ka2 Qa3+ 55. Kb1 Qb3+ 56. Ka1 d1=Q+ 57. Qxd1 Qxd1+ 58. Kb2 Qb3+ 59. Kc1 Ka3 60. Rc2 Qc4 61. Kd2 Kb3 62. Rc1 Qf7 63. Rb1+ Kc4 64. Ra1 Qxf4+ 65. Kc2 Qe4+ 66.
Kb2 Qe2+ 67. Ka3 Qd3 68. Rb1 Qxb1 69. Ka4 Qb3# 0-1

[Event "Live Chess"]
[Site "Chess.com"]
[Date "2024.06.01"]
[Round "-"]
[White "cymbalshift"]
[Black "kylet1990"]
[Result "1-0"]
[WhiteElo "1595"]
[BlackElo "738"]
[TimeControl "300"]
[EndTime "13:45:56 PDT"]
[Termination "cymbalshift won by resignation"]

1. d4 c6 2. e4 d5 3. e5 Bf5 4. Nc3 e6 5. g4 Bg6 6. h4 h5 7.
Be2 hxg4 8. Bxg4 Bb4 9. h5 Bxc3+ 10. bxc3 Be4 11. Rh2 Nf6 12. exf6 Qxf6 13. f3 Bf5 14.
Qe2 Nd7 15. Ba3 Bxg4 16. fxg4 O-O-O 17. Rb1 Nb6 18. Bc5 Rde8 19. Nf3 e5 20. dxe5 Qf4 21. Kd1 f6 22. Bd6 fxe5 23. Nxe5 Re6 24. Rf2 Qg3 25. Qf3 Qg1+ 26. Rf1 Qh2 27. Qf5 Re8 28. Re1 Nc4 29.
Nxc4 dxc4 30. Rxe6 Qg1+ 31. Re1+ 1-0

[Event "Live Chess"]
[Site "Chess.com"]
[Date "2024.06.01"]
[Round "-"]
[White "AlexanderMatlak"]
[Black "ACM42"]
[Result "0-1"]
[WhiteElo "2452"]
[BlackElo "2170"]
[TimeControl "300"]
[EndTime "13:46:05 PDT"]
[Termination "ACM42 won by resignation"]

1. c4 Nf6 2. Nf3 g6 3. Nc3 Bg7 4. g3 O-O 5. Bg2 c5 6. O-O d6 7.
d4 Nc6 8. d5 Na5 9. Nd2 a6 10.
Qc2 b5 11. cxb5 axb5 12. Nxb5 Ba6 13. Nc3 Qb6 14. b3 Rfb8 15. Bb2 c4 16. Na4 Qb7 17. Bc3 cxb3 18. axb3 Rc8 19. Qb2 Bxe2 20. Rfe1 Bd3 21. Re3 Bf5 22. Bd4 Rc2 23. Bxf6 Bxf6 0-1

[Event "Live Chess"]
[Site "Chess.com"]
[Date "2024.06.01"]
[Round "-"]
[White "GEMdzq"]
[Black "Stanbad1"]
[Result "1-0"]
[WhiteElo "2319"]
[BlackElo "2638"]
[TimeControl "300"]
[EndTime "13:46:32 PDT"]
[Termination "GEMdzq won by resignation"]

1. e4 e6 2. d4 d5 3. Nc3 Nf6 4. Bg5 Bb4 5. e5 h6 6. exf6 hxg5 7. fxg7 Rg8 8. h4 gxh4 9. Qh5 Qf6 10. Qxh4 Qxg7 11.
Nf3 Be7 12. Qf4 a6 13. Qxc7 Nc6 14. Qf4 Bd7 15. O-O-O Rc8 16. Kb1 b5 17. Bd3 Na5 18. Rh7 Qf6 19. Qe3 Nc4 20. Bxc4 bxc4 21. Ne5 Rf8 22. f4 Qf5 23. Rdh1 Rb8 24. g4 Qf6 25. f5 Qg5 26. Qe2 Qf4 27. Nxd7 Kxd7 28. fxe6+ fxe6 29. Rxe7+ Kd8 30. Re1 Qxd4 31. Qxe6 1-0

[Event "Live Chess"]
[Site "Chess.com"]
[Date "2024.06.01"]
[Round "-"]
[White "DoggyDalmatian"]
[Black "jk0110"]
[Result "1-0"]
[WhiteElo "1549"]
[BlackElo "1222"]
[TimeControl "300"]
[EndTime "13:46:34 PDT"]
[Termination "DoggyDalmatian won on time"]

1. e4 e5 2. Nf3 Nc6 3. Bc4 f5 4. exf5 e4 5. Qe2 Qe7 6. Ng1 Nf6 7. d3 Nd4 8. Qd1 Nxc2+ 9. Kf1 Nxa1 10. d4 d5 11. Be2 Bxf5 12. Nc3 Qb4 13. a3 Qa5 14. Be3 Bxa3 15. Qxa1 Bb4 16. Qxa5 Bxa5 17. Nb5 O-O 18. f3 c6 19. Na3 Bg4 20. h3 Bh5 21. Bd1 Bg6 22. Ke2 Nd7 23. h4 exf3+ 24. Nxf3 Bh5 25. Nc2 Rae8 26. b4 Bb6 27. Kd2 Bxf3 28. Bxf3 Nf6 29. Kd3 Ne4 30. h5 a5 31. Rb1 axb4 32. Rxb4 Bc7 33.
Rxb7 Bd8 34. Nb4 Re7 35. Rxe7 Bxe7 36. Nxc6 Bd6 37. Bxe4 Ra8 38. Bxd5+ Kh8 39. Ne5 Ra3+ 40. Ke4 Bxe5 41. dxe5 Ra4+ 42. Kd3 Ra5 43. Bc4 Rxe5 44. Kd4 1-0

[Event "Live Chess"]
[Site "Chess.com"]
[Date "2024.06.01"]
[Round "-"]
[White "jellhhggffhjjjjjj"]
[Black "kingside_rook"]
[Result "1-0"]
[WhiteElo "227"]
[BlackElo "2019"]
[TimeControl "300"]
[EndTime "13:46:38 PDT"]
[Termination "jellhhggffhjjjjjj won by checkmate"]

1. d4 Nf6 2. Nf3 c5 3. c3 cxd4 4. cxd4 d5 5. Bf4 Nc6 6. e3 Bf5 7. Nc3 e6 8. Bd3 Bxd3 9. Qxd3 Bd6 10. Bg3 Bxg3 11. fxg3 a6 12. O-O b5 13. a4 b4 14.
Ne2 Ne7 15. Qc2 O-O 16. Ra3 bxa3 17. bxa3 Nf5 18. Nf4 Nxe3 19. Qe2 Nxf1 20. Qxf1 Qb6 21. Ne5 Qxd4+ 22. Qf2 Qxe5 23. Qc5 Ne4 24. h4 Qa1+ 25. Kh2 Qc1 26. Qxc1 Rac8 27. Qb2 Rb8 28. Qd4 Rfc8 29. Nh5 f6 30. Nf4 Kf7 31. Nxd5 Rd8 32. Qa7+ Kg8 33.
Nf4 Ra8 34. Qe7 Re8 35. Qd7 Rad8 36. Qc7 Rc8 37. Qa5 e5 38. Nd5 Nd6 39. Qxa6 Nf5 40. Qa7 Rc1 41. Ne7+ Rxe7 42. Qa8+ Kf7 43. Qd5+ Kg6 44.
h5+ Kg5 45. Qd2+ Kxh5 46. Qxc1 e4 47. Qf4 Nh6 48. Qh4+ Kg6 49. g4 e3 50. Qh5# 1-0

[Event "Live Chess"]
[Site "Chess.com"]
[Date "2024.06.01"]
[Round "-"]
[White "nitrofish07"]
[Black "road2gm5000"]
[Result "1-0"]
[WhiteElo "2095"]
[BlackElo "1080"]
[TimeControl "300"]
[EndTime "13:46:41 PDT"]
[Termination "nitrofish07 won by checkmate"]

1. e4 c6 2. d4 d5 3. e5 c5 4. c3 Nc6 5. Nf3 cxd4 6. cxd4 Bg4 7. Nc3 e6 8. Bb5 Bb4 9. h3 Bxf3 10. Qxf3 Ne7 11. Bg5 h6 12. Be3 Nf5 13. g4 Ne7 14. a3 Ba5 15. O-O O-O 16. Kg2 Bb6 17. Rad1 a6 18. Bd3 Bxd4 19. Bxd4 Nxd4 20. Qe3 Ndc6 21. Bb1 Qc7 22. Qd3 Ng6 23. f4 Ncxe5 24. fxe5 Qxe5 25. Rde1 Nf4+ 26. Rxf4 Qxf4 27. Qh7# 1-0

[Event "Live Chess"]
[Site "Chess.com"]
[Date "2024.06.01"]
[Round "-"]
[White "RichardABates"]
[Black "bobby_jamesFischer86"]
[Result "1-0"]
[WhiteElo "2220"]
[BlackElo "1608"]
[TimeControl "300"]
[EndTime "13:47:00 PDT"]
[Termination "RichardABates won by resignation"]

1. d4 d5 2. c4 c6 3. Nf3 Nf6 4. Nc3 e6 5. e3 Be7 6. Qc2 O-O 7. g4 a6 8. g5 Nfd7 9. h4 Qc7 10. h5 e5 11.
cxd5 cxd5 12. Bd3 e4 13. Nxd5 Qxc2 14. Nxe7+ Kh8 15. Bxc2 exf3 16. Be4 Re8 17. Nxc8 Rxe4 18. Nd6 Re7 19. Bd2 Nc6 20. Kf1 b5 21. a3 Rd8 22. g6 fxg6 23. hxg6 h6 24. Nf7+ Rxf7 25. gxf7 Rf8 26. Rc1 Nd8 27. Rc7 Nf6 28. Bb4 Ne6 29.
Bxf8 Nxc7 30. Bd6 1-0

[Event "Live Chess"]
[Site "Chess.com"]
[Date "2024.06.01"]
[Round "-"]
[White "MagnersCarlsberg2870"]
[Black "matt1979"]
[Result "0-1"]
[WhiteElo "1791"]
[BlackElo "1370"]
[TimeControl "300"]
[EndTime "13:47:04 PDT"]
[Termination "matt1979 won by resignation"]

1. d4 e6 2. Nf3 f5 3. Nc3 Bb4 4.
a3 Bxc3+ 5. bxc3 Nf6 6. Ne5 d6 7. Nd3 O-O 8. Bg5 Qe8 9. f3 Qh5 10. Bxf6 Rxf6 11. Nf4 Qg5 12. g3 Nc6 13. h4 Qh6 14. e4 fxe4 15. fxe4 Rxf4 16. gxf4 Qxf4 17.
Qd2 Qg3+ 18. Qf2 Qxc3+ 19. Ke2 Qxa1 20. Bg2 Qc3 21. Rh3 Qxc2+ 22. Kf3 Qxf2+ 23. Kxf2 0-1

[Event "Live Chess"]
[Site "Chess.com"]
[Date "2024.06.01"]
[Round "-"]
[White "OxonChess"]
[Black "CarmelJane"]
[Result "0-1"]
[WhiteElo "1505"]
[BlackElo "2083"]
[TimeControl "300"]
[EndTime "13:47:21 PDT"]
[Termination "CarmelJane won by checkmate"]

1. Nf3 g6 2. c4 Bg7 3. g3 c5 4.
Bg2 Nf6 5. O-O O-O 6. Nc3 Nc6 7. d4 cxd4 8. Nxd4 a6 9. c5 e5 10. Nb3 Qe7 11. Bg5 h6 12. Nd5 Qd8 13. Nxf6+ Bxf6 14. Bxh6 Re8 15. h4 e4 16. Qc2 Nb4 17. Qc4 a5 18.
Bxe4 d5 19. cxd6 Qxd6 20. Bxg6 Be6 21. Qd3 Nxd3 22. Bxd3 Bg7 23. Bf4 Qb4 24. Rab1 Bxb3 25. axb3 Qxb3 26. Rfc1 Rac8 27. Rd1 a4 28. Rd2 b5 29.
Rdd1 b4 30. Bd6 Bxb2 31. Rd2 Rc1+ 32. Rxc1 Bxc1 33. Rc2 Bb2 34. Rc5 Qe6 35. Rg5+ Bg7 36. Bxb4 Rb8 37. Bc3 f6 38. Rg4 Rc8 39. Re4 Qxe4 40. Bxe4 Rxc3 41. Bd5+ Kh8 42. Kf1 a3 43. f4 f5 44. Ke1 Bd4 45. Kd2 Kg7 46. h5 Rxg3 47. Kc2 Kh6 48. Bf3 Bb2 49. Kb3 Rg1 50. Ka2 Rg3 51. Kb3 Rxf3+ 52. exf3 Kxh5 53. Ka2 Kh4 54. Kb3 Kg3 55. Ka2 Kxf3 56. Kb3 Kxf4 57. Ka2 Ke3 58. Kb3 f4 59. Ka2 f3 60. Kb3 Bh8 61. Ka2 f2 62. Kb3 f1=Q 63. Ka2 Qe2+ 64. Kb3 Qd3+ 65. Ka2 Qc2+ 66. Kxa3 Qb2+ 67. Ka4 Kd4 68.
Ka5 Kc5 69. Ka6 Qb6# 0-1

[Event "Live Chess"]
[Site "Chess.com"]
[Date "2024.06.01"]
[Round "-"]
[White "ShanthamGrarks"]
[Black "degringolade64"]
[Result "0-1"]
[WhiteElo "1850"]
[BlackElo "2144"]
[TimeControl "300"]
[EndTime "13:47:34 PDT"]
[Termination "degringolade64 won by resignation"]

1. d4 Nf6 2. Nc3 d5 3. e4 Nxe4 4. Nxe4 dxe4 5. Bc4 Nc6 6. c3 e5 7. d5 Ne7 8. f3 exf3 9. Nxf3 Ng6 10. O-O Bc5+ 11.
Kh1 O-O 12. Bg5 Be7 13. Bxe7 Qxe7 14. Qe2 Bg4 15. Rae1 Rad8 16. Qe4 Bxf3 17. Rxf3 Rd6 18. Bb3 Qh4 19. Qxh4 Nxh4 20. Rh3 Ng6 21. c4 b6 22. Bc2 Re8 23. Bxg6 hxg6 24. Rhe3 f6 25. g4 g5 26. Kg2 c6 27. dxc6 Rxc6 28. b3 Rd8 29.
R1e2 Rd4 30. h3 Rcd6 31. Kf2 Rd2 32. Rxd2 Rxd2+ 33. Re2 Rxe2+ 34. Kxe2 Kf7 35. b4 Ke6 36. Ke3 g6 37. a4 f5 38. gxf5+ gxf5 39. Kf3 e4+ 40. Ke3 Ke5 41. c5 bxc5 42. b5 Kd5 43. a5 f4+ 44. Kd2 c4 45. b6 axb6 46. a6 Kc6 47.
Kc3 b5 48. Kb4 Kb6 0-1

[Event "Live Chess"]
[Site "Chess.com"]
[Date "2024.06.01"]
[Round "-"]
[White "educatedlad"]
[Black "Queensandpawns"]
[Result "0-1"]
[WhiteElo "1740"]
[BlackElo "2381"]
[TimeControl "300"]
[EndTime "13:47:50 PDT"]
[Termination "Queensandpawns won by checkmate"]

1. d4 e5 2. dxe5 Bc5 3. Nc3 d6 4. exd6 Ne7 5. d7+ Nxd7 6. Nf3 O-O 7. Bf4 Nf6 8. Qxd8 Rxd8 9. e3 c6 10. Bc4 Bf5 11. Nh4 Bxc2 12. O-O b5 13. Bb3 a5 14. Bxc2 h6 15. Nf3 b4 16. Na4 Ba7 17.
b3 Ned5 18. Bg3 c5 19. Rad1 Rac8 20. Nb2 Nc3 21. Rxd8+ Rxd8 22. Nc4 a4 23. bxa4 g5 24.
Bb3 g4 25. Nfe5 Nfe4 26. Nc6 Rd5 27. Nxa7 Ne2+ 28. Kh1 N4xg3+ 29. fxg3 Rh5 30. h4 Nxg3+ 31. Kg1 Nxf1 32. Kxf1 Rxh4 33. Kf2 Rh1 34. Ne5 h5 35. Nxf7 Kf8 36. Ng5 Ke7 37. Nc6+ Kd6 38. Nd8 h4 39. Ndf7+ Kc6 40. Ne5+ Kb6 41. Nxg4 Rc1 42. Ne4 c4 43.
a5+ Kxa5 44. Nd2 c3 45. Nc4+ Kb5 46. Ke2 Rg1 47. Kf2 Rc1 48. Ke2 Rg1 49. Kf2 Ra1 50. Nd6+ Kc5 51. Ne4+ Kb5 52. Ne5 c2 53. Bxc2 Rxa2 54.
Kf3 Rxc2 55. Nd6+ Ka4 56. Nd3 b3 57. Ne4 b2 58. Nxb2+ Rxb2 59. Nc5+ Kb5 60. Nd3 Ra2 61.
Nf4 Kc4 62. Kg4 Ra3 63. e4 Kd4 64. Kxh4 Kxe4 65. Ne6 Kf5 66. Nd4+ Kg6 67. g4 Ra1 68. Kg3 Kg5 69. Ne6+ Kf6 70. Nf4 Ke5 71. g5 Ra3+ 72.
Kh4 Kxf4 73. g6 Ra8 74. Kh5 Kf5 75. g7 Kf6 76. Kh6 Rg8 77. Kh7 Rxg7+ 78. Kh8 Rg1 79. Kh7 Rg2 80. Kh8 Kf7 81. Kh7 Rh2# 0-1

[Event "Live Chess"]
[Site "Chess.com"]
[Date "2024.06.01"]
[Round "-"]
[White "ProfPoisson"]
[Black "Nicckui"]
[Result "0-1"]
[WhiteElo "1292"]
[BlackElo "2327"]
[TimeControl "300"]
[EndTime "13:47:53 PDT"]
[Termination "Nicckui won by checkmate"]

1. e4 c6 2. d4 d5 3. exd5 cxd5 4. c4 Nf6 5. Nc3 g6 6. Qb3 Bg7 7. cxd5 O-O 8. Nf3 Nbd7 9. g3 Nb6 10. Bg2 Nbxd5 11. O-O Nxc3 12. bxc3 a5 13. Ne5 Ra6 14. Bxb7 Rb6 15. Nc6 Qc7 16. Nxe7+ Kh8 17. Nd5 Nxd5 18.
Qxd5 Bxb7 19. Qxa5 Qc6 20. Ba3 Qg2# 0-1

[Event "Live Chess"]
[Site "Chess.com"]
[Date "2024.06.01"]
[Round "-"]
[White "bonantagulo"]
[Black "jimwad"]
[Result "1-0"]
[WhiteElo "2073"]
[BlackElo "1287"]
[TimeControl "300"]
[EndTime "13:48:06 PDT"]
[Termination "bonantagulo won by resignation"]

1. d4 d5 2. e4 dxe4 3. Nc3 Nf6 4.
Bg5 Nbd7 5. Nge2 g6 6. Ng3 Bg7 7. Ngxe4 Nxe4 8. Nxe4 O-O 9. Be2 Nb6 10. c3 Bf5 11.
Bf3 c6 12. O-O h6 13. Bh4 g5 14. Bg3 Bg6 15. Re1 f5 16. Nc5 Bf7 17. Be5 Bxe5 18. Rxe5 f4 19. Qe2 Nd5 20. Ne6 Bxe6 21. Rxe6 Rf6 22. Bxd5 cxd5 23. Rxe7 Qb6 24. Re1 Raf8 25.
Re8 Qd6 26. Rxf8+ Qxf8 27. Qe7 Rf7 28. Qe6 Kg7 29. Qxd5 Re7 30. Rxe7+ Qxe7 31. Qe5+ Qxe5 32. dxe5 Kf7 33. Kf1 Ke6 34. Ke2 Kxe5 35. Kd3 b5 36. b3 a5 37. f3 Kd5 38. c4+ bxc4+ 39. bxc4+ Kc5 40. Kc3 h5 41. h3 a4 42. a3 h4 43.
Kd3 Kc6 44. Kd4 Kd6 45. c5+ Kc6 46. Kc4 Kc7 47. Kb5 Kb7 48. Kxa4 Kc6 49. Kb4 1-0

[Event "Live Chess"]
[Site "Chess.com"]
[Date "2024.06.01"]
[Round "-"]
[White "Frankie_Badacsonyi"]
[Black "stevochess11"]
[Result "1-0"]
[WhiteElo "2440"]
[BlackElo "1703"]
[TimeControl "300"]
[EndTime "13:48:24 PDT"]
[Termination "Frankie_Badacsonyi won by resignation"]

1. d4 Nf6 2. c4 c5 3. d5 b5 4. cxb5 a6 5. b6 e6 6. Nc3 Bb7 7. e4 d6 8. Nf3 Qxb6 9. Bc4 Be7 10. dxe6 fxe6 11. e5 Ne4 12. exd6 Nxd6 13. Bxe6 Rf8 14. Bd5 Nc6 15. O-O O-O-O 16. Qb3 Qc7 17. Be6+ Kb8 18.
Nd5 Qa5 19. Bd2 Rxf3 20. Bxa5 Rxb3 21. Bc7+ Ka7 22. axb3 1-0

[Event "Live Chess"]
[Site "Chess.com"]
[Date "2024.06.01"]
[Round "-"]
[White "upoe610"]
[Black "gobbles19"]
[Result "0-1"]
[WhiteElo "2234"]
[BlackElo "2249"]
[TimeControl "300"]
[EndTime "13:48:33 PDT"]
[Termination "gobbles19 won by checkmate"]

1. c4 e5 2. g3 Bc5 3. Bg2 Nf6 4. Nc3 c6 5. Nf3 d6 6. d3 O-O 7. Bg5 Nbd7 8. Ne4 Bb6 9. O-O h6 10. Bxf6 Nxf6 11. Nxf6+ Qxf6 12. Nd2 Bf5 13. Ne4 Qe7 14. b4 a5 15. c5 dxc5 16. bxc5 Bxc5 17. Rb1 Ba7 18.
Qb3 b5 19. Rfc1 Rac8 20. h3 Be6 21. Qc2 Bd5 22. Nc5 Bxg2 23. Kxg2 Rfd8 24. Qc3 Rd5 25. Nb3 e4 26. Nxa5 exd3 27. Nxc6 Qe4+ 28. Kg1 Rc5 29. Qa5 Rxc1+ 30. Rxc1 Bxf2+ 31. Kxf2 Qxe2+ 32. Kg1 Qe3+ 33. Kg2 Qxc1 34. Ne7+ Kh7 35. Nxc8 Qxc8 36. Kf3 Qc2 37. Qxb5 Qe2+ 38. Kf4 g5+ 39. Kf5 Qe6# 0-1

[Event "Live Chess"]
[Site "Chess.com"]
[Date "2024.06.01"]
[Round "-"]
[White "ACM42"]
[Black "educatedlad"]
[Result "1-0"]
[WhiteElo "2171"]
[BlackElo "1739"]
[TimeControl "300"]
[EndTime "13:48:44 PDT"]
[Termination "ACM42 won by resignation"]

1. e4 Nc6 2. d4 e5 3. d5 Nce7 4. f4 exf4 5. Bxf4 Ng6 6. Bg3 Nf6 7.
Bd3 Nh5 8. Qxh5 Bd6 9. Bxd6 cxd6 10. Nf3 Qa5+ 11. Nc3 Qb6 12. O-O-O 1-0

[Event "Live Chess"]
[Site "Chess.com"]
[Date "2024.06.01"]
[Round "-"]
[White "StoreySniper"]
[Black "Bradfield133"]
[Result "1-0"]
[WhiteElo "2535"]
[BlackElo "1891"]
[TimeControl "300"]
[EndTime "13:48:46 PDT"]
[Termination "StoreySniper won by resignation"]

1. d4 d6 2. Nf3 f5 3. Nc3 Nf6 4. Bg5 Nbd7 5. e3 g6 6. Bd3 Bg7 7.
e4 fxe4 8. Nxe4 Nxe4 9. Bxe4 Nf6 10. Bxf6 Bxf6 11. Qd3 c6 12. O-O Qa5 13. Rae1 Bf5 14. Bxf5 Qxf5 15. Qb3 O-O-O 16. c4 g5 17. d5 g4 18. Nd2 Be5 19. dxc6 bxc6 20. Qa4 Kb7 21. Nb3 Qd7 22. Rxe5 1-0